[Event "Team 45 45 League T56"]
[Site "Internet Chess Club"]
[Date "2013.03.12"]
[Round "3"]
[White "stanbeers"]
[Black "BotanicalKnight"]
[Result "1/2-1/2"]
[WhiteElo "1523"]
[BlackElo "1451"]
[Opening "Dutch defense, Rubinstein variation"]
[ECO "A84"]
[Time "19:03:06"]
[TimeControl "2700+45"]

1. d4 f5 2. c4 e6 3. Nc3 Nf6 4. Bg5 Be7 5. Bxf6 Bxf6 6. e4 fxe4 7. Nxe4 Be7 8.
Qf3 Bb4+ 9. Nc3 Nc6 10. Ne2 Qf6 11. Qh5+ g6 12. Qg4 d6 13. O-O-O e5 14. dxe5
Nxe5 15. Qd4 Bc5 16. Qe4 c6 17. Ng3 O-O 18. f3 Qg5+ 19. Kb1 Rf4 20. Qe1 Bf5+ 21.
Nxf5 Qxf5+ 22. Ka1 Qf7 23. Ne4 Nxc4 24. Bxc4 Qxc4 25. Nxc5 dxc5 26. Qe7 Rf7 27.
Qe3 Qc2 28. Rhg1 Qf5 29. Rc1 b6 30. Qd2 Qf6 {Game drawn by mutual agreement}
1/2-1/2

[Event "Team 45 45 League T56"]
[Site "Internet Chess Club"]
[Date "2013.03.11"]
[Round "3"]
[White "kingsrook"]
[Black "wekabird"]
[Result "1-0"]
[WhiteElo "1296"]
[BlackElo "1154"]
[Opening "Queen's pawn game"]
[ECO "D05"]
[Time "18:00:08"]
[TimeControl "2700+45"]

1. d4 d5 2. Nf3 e6 3. e3 Nf6 4. Bd3 b6 5. Nbd2 Ba6 6. c4 dxc4 7. Nxc4 Bxc4 8.
Bxc4 Nbd7 9. O-O Be7 10. Qc2 O-O 11. Bd2 Rc8 12. Ba6 Rb8 13. Rac1 Bd6 14. Qc6
Nd5 15. a3 N7f6 16. Qc2 b5 17. Ba5 Nb6 18. Bxb5 Nbd5 19. Bc6 Nb6 20. e4 Bf4 21.
Rcd1 Qc8 22. e5 Nfd5 23. Rfe1 Qa6 24. Bd2 Bxd2 25. Nxd2 Nf4 26. a4 Nd3 27. Re2
Nb4 28. Bb5 Nxc2 29. Bxa6 Nd5 30. Nc4 Ncb4 31. Bb5 c6 32. Bxc6 Nxc6 33. Nd6 g6
34. Rc2 Ncb4 35. Rc5 Na2 36. Rb1 Ndc3 37. Re1 Rxb2 38. g3 Rb1 39. Rxb1 Nxb1 40.
Kg2 Nbc3 41. Ra5 Ra8 42. Nc4 Nd5 43. f4 a6 44. Nd6 Nac3 45. Kf3 Nb6 46. Ke3
Ncxa4 47. Kd3 Rb8 48. Rxa6 Nb2+ 49. Kc2 Nd5 50. Ra3 Nc4 51. Ra2 Nde3+ 52. Kc3
Nxd6 53. exd6 Rd8 54. Ra6 Nd5+ 55. Kc4 Rc8+ 56. Kb5 Nc3+ 57. Kb4 Nd5+ 58. Kb5
Kf8 59. h3 Nf6 60. g4 Rd8 61. Kc6 Ne4 62. d7 Ke7 63. Ra7 Rxd7 64. Rxd7+ Kf6 65.
g5+ Kf5 66. Rxf7+ Nf6 67. Rxf6+ Ke4 68. Kc5 Kf3 69. Rxe6 Kxf4 70. d5 Kxg5 71. d6
Kf5 72. Kd5 h5 73. d7 {Black resigns} 1-0

[Event "Team 45 45 League T56"]
[Site "Internet Chess Club"]
[Date "2013.03.06"]
[Round "3"]
[White "Goldenberg"]
[Black "badmove"]
[Result "1-0"]
[WhiteElo "1640"]
[BlackElo "1608"]
[Opening "Vienna game"]
[ECO "C28"]
[Time "17:04:19"]
[TimeControl "2700+45"]

1. e4 e5 2. Bc4 Nc6 3. Nc3 Nf6 4. d3 Bc5 5. f4 d6 6. Na4 Bg4 7. Nf3 Bxf3 8. Qxf3
Nd4 9. Qd1 b5 10. Nxc5 dxc5 11. Bb3 Qd6 12. fxe5 Qxe5 13. c3 Nxb3 14. axb3 O-O
15. O-O Rfd8 16. Bf4 Qe6 17. Bg5 Rd7 18. Bxf6 gxf6 19. Rxf6 Rxd3 20. Qxd3 Qxf6
21. Qxb5 Qg5 22. Rf1 Re8 23. Qxe8+ {Black resigns} 1-0

[Event "Team 45 45 League T56"]
[Site "Internet Chess Club"]
[Date "2013.03.17"]
[Round "3"]
[White "houseofcook"]
[Black "DeltaChess"]
[Result "1-0"]
[WhiteElo "1461"]
[BlackElo "1284"]
[Opening "Ponziani: Jaenisch counter-attack"]
[ECO "C44"]
[Time "14:00:34"]
[TimeControl "2700+45"]

1. e4 e5 2. Nf3 Nc6 3. c3 Nf6 4. d4 Nxe4 5. d5 Ne7 6. Nxe5 Ng6 7. Qd4 Qf6 8.
Qxe4 Qxe5 9. Qxe5+ Nxe5 10. Nd2 Bc5 11. Nc4 f6 12. Be2 O-O 13. O-O d6 14. Be3
Bb6 15. a4 Re8 16. a5 Bxe3 17. Nxe3 a6 18. Rfe1 Bd7 19. h3 Re7 20. f4 Ng6 21.
Bh5 Nxf4 22. Bf3 Rae8 23. Nc2 Nd3 24. Rxe7 Rxe7 25. Rd1 Nxb2 26. Rb1 Nc4 27.
Rxb7 Bb5 28. Nb4 Nxa5 29. Ra7 Nb3 30. Nxa6 Bxa6 31. Rxa6 Nc5 32. Ra7 g6 33. Kh2
f5 34. h4 Kg7 35. c4 Kf6 36. Ra8 Nd3 37. Ra2 Ne5 38. Be2 Ng4+ 39. Bxg4 fxg4 40.
Rf2+ Kg7 41. Rf4 h5 42. Kg3 Re3+ 43. Kf2 Re7 44. Kg3 Rf7 45. Re4 Kh6 46. Rd4 g5
47. Re4 gxh4+ 48. Kxh4 Rh7 49. Re6+ Kg7 50. Re7+ Kg6 51. Rxh7 Kxh7 52. Kxh5 Kg7
53. Kxg4 Kf6 54. Kf4 Kg6 55. g4 {Black resigns} 1-0

[Event "Team 45 45 League T56"]
[Site "Internet Chess Club"]
[Date "2013.03.10"]
[Round "3"]
[White "Littlemon"]
[Black "MateIn42"]
[Result "1-0"]
[WhiteElo "1355"]
[BlackElo "1348"]
[Opening "QGD Slav defense: exchange variation"]
[ECO "D10"]
[Time "15:18:20"]
[TimeControl "2700+45"]

1. d4 d5 2. c4 c6 3. cxd5 cxd5 4. Bf4 Nf6 5. e3 Nc6 6. Nc3 a6 7. Bd3 e6 8. Qc2
Nb4 9. Qd2 Nxd3+ 10. Qxd3 Nh5 11. Be5 f6 12. Bg3 Nxg3 13. hxg3 g6 14. Nf3 Bg7
15. Nh4 Qe7 16. Qc2 Bd7 17. O-O-O Rc8 18. Kb1 b5 19. Qb3 Rc4 20. a3 b4 21. axb4
Qxb4 22. Qxb4 Rxb4 23. Kc2 Kf7 24. Ra1 Rhb8 25. Rhb1 e5 26. Rxa6 g5 27. Nf3 Bf5+
28. e4 dxe4 29. Ra7+ R8b7 30. Rxb7+ Rxb7 31. Nd2 e3+ 32. Nde4 exf2 33. d5 Rc7
34. Kd3 Bf8 35. Ke2 Bxe4 36. Nxe4 Rc2+ 37. Kf1 Bb4 38. d6 h6 39. d7 Ke7 40. Rd1
Ba5 41. Nxf6 Kxf6 42. d8=Q+ Bxd8 43. Rxd8 Rxb2 44. Rd6+ Kg7 45. Re6 Rb5 46. Kxf2
Kf7 47. Rxh6 e4 48. Ke3 Re5 49. Rc6 Kg7 50. Rc4 Kf6 51. Rxe4 Rxe4+ 52. Kxe4 Ke6
53. g4 Kf6 54. Kd5 Ke7 55. Ke5 Kf7 56. Kf5 Kg7 57. Kxg5 Kg8 58. Kg6 Kh8 59. Kf7
Kh7 60. g5 Kh8 61. g4 Kh7 62. g6+ {Black resigns} 1-0

[Event "Team 45 45 League T56"]
[Site "Internet Chess Club"]
[Date "2013.03.10"]
[Round "3"]
[White "Visin"]
[Black "mindstorm"]
[Result "1-0"]
[WhiteElo "1397"]
[BlackElo "1396"]
[Opening "Sicilian defense"]
[ECO "B32"]
[Time "09:00:30"]
[TimeControl "2700+45"]

1. e4 c5 2. Nf3 Nc6 3. d4 cxd4 4. Nxd4 Nxd4 5. Qxd4 d6 6. b3 e5 7. Qe3 Nf6 8.
Nc3 Be7 9. Be2 a6 10. O-O O-O 11. Bb2 Be6 12. Rad1 Rc8 13. Qd3 Rc6 14. Nd5 Bxd5
15. exd5 Rc8 16. c4 Qc7 17. Kh1 b5 18. cxb5 Qc2 19. Rb1 Qxd3 20. Bxd3 e4 21. Bc4
axb5 22. Bxb5 Rc5 23. Bc4 Nxd5 24. Rbd1 Nf6 25. Bxf6 gxf6 26. Rfe1 f5 27. g3 Ra8
28. a4 Rd8 29. Rd5 Rxd5 30. Bxd5 Kg7 31. a5 Kf6 32. a6 Ke5 33. Rd1 Rd7 34. b4
Ra7 35. Bc4 d5 36. Rxd5+ Ke6 37. b5 Rc7 38. Rc5+ Kd7 39. Rxc7+ Kxc7 40. Kg2 Bc5
41. f3 e3 42. Kf1 f6 43. Ke2 Kd6 44. Kd3 Ke5 45. f4+ Kd6 46. h3 h6 47. g4 fxg4
48. hxg4 Ba7 49. Ke4 Bb6 50. Kf5 Kc5 51. Be2 Bc7 52. a7 {Black resigns} 1-0

[Event "Team 45 45 League T56"]
[Site "Internet Chess Club"]
[Date "2013.03.09"]
[Round "3"]
[White "rahulr"]
[Black "nanning"]
[Result "0-1"]
[WhiteElo "1557"]
[BlackElo "1610"]
[Opening "QGD Slav defense"]
[ECO "D10"]
[Time "14:00:28"]
[TimeControl "2700+45"]

1. d4 d5 2. c4 c6 3. Nc3 dxc4 4. e3 b5 5. a4 b4 6. Na2 e6 7. Bxc4 Nf6 8. Bd2 a5
9. Nf3 Ba6 10. Qe2 c5 11. Rc1 cxd4 12. exd4 Be7 13. Bf4 O-O 14. O-O Bxc4 15.
Rxc4 Nd5 16. Be5 Nd7 17. Rfc1 N7b6 18. Bc7 Nxc7 19. Rxc7 b3 20. Rxe7 Qxe7 21.
Nc3 Qb4 22. Qb5 Nxa4 23. Qxb4 axb4 24. Nxa4 Rxa4 25. Nd2 Ra2 26. Nxb3 Rxb2 27.
Nc5 b3 28. g3 Rd8 29. Na4 Rc2 30. Rb1 h5 31. Rxb3 Rxd4 32. Nb2 Rdd2 33. Nd3 e5
34. Nxe5 Rxf2 35. Nf3 Rg2+ 36. Kh1 Rgf2 37. Kg1 f6 38. Kh1 Rc1+ 39. Ng1 Rff1
{White resigns} 0-1

[Event "Team 45 45 League T56"]
[Site "Internet Chess Club"]
[Date "2013.03.11"]
[Round "3"]
[White "tryanything"]
[Black "Check101"]
[Result "0-1"]
[WhiteElo "1528"]
[BlackElo "1614"]
[Opening "Giuoco Piano"]
[ECO "C50"]
[Time "20:04:04"]
[TimeControl "2700+45"]

1. e4 e5 2. Nf3 Nc6 3. Bc4 Bc5 4. O-O Nf6 5. Nxe5 Nxe5 6. d4 Nxc4 7. dxc5 O-O 8.
Qd4 Na5 9. Bg5 Nc6 10. Qc3 d6 11. Rd1 Nxe4 12. Bxd8 Nxc3 13. Nxc3 Rxd8 14. Nb5
d5 15. Nxc7 Rb8 16. Nxd5 Be6 17. c4 Rd7 18. b3 Rbd8 19. Rd2 Nb4 20. Rad1 b5 21.
cxb6 axb6 22. Ne7+ Kf8 23. Rxd7 Bxd7 24. Nc8 Rxc8 25. Rxd7 Nxa2 26. Rb7 Rc6 27.
g3 Nc1 28. b4 Rxc4 29. Rxb6 Nd3 30. b5 Rb4 31. Rb8+ Ke7 32. b6 Nc5 33. Rc8 Kd6
34. Rc7 Nd7 {White resigns} 0-1

[Event "Team 45 45 League T56"]
[Site "Internet Chess Club"]
[Date "2013.03.10"]
[Round "3"]
[White "theartist"]
[Black "Conjurer"]
[Result "0-1"]
[WhiteElo "1117"]
[BlackElo "1503"]
[Opening "QGD semi-Slav: 5.e3"]
[ECO "D45"]
[Time "13:34:04"]
[TimeControl "2700+45"]

1. d4 d5 2. c4 e6 3. Nf3 Nf6 4. Nc3 c6 5. e3 Be7 6. Bd3 O-O 7. O-O Nbd7 8. Qc2
dxc4 9. Bxc4 Nb6 10. Bd3 Nbd5 11. a3 c5 12. Ne2 b6 13. Bd2 Bb7 14. Qc4 Rc8 15.
Rac1 Bd6 16. e4 cxd4 17. Qxd4 e5 18. Qa4 Ne7 19. Nc3 a5 20. Rfe1 Bc6 21. Bb5 Bc5
22. Be3 Qd6 23. Red1 Qe6 24. Bxc5 Bxb5 25. Nxb5 bxc5 26. Rd6 Qg4 27. Nc3 c4 28.
Nd2 Qg5 29. Rd1 Rfd8 30. Nb5 Rxd6 31. Nxd6 Rd8 32. N2xc4 Qg4 33. Ne3 Qe6 34.
Nec4 Ng6 35. Qxa5 Qxc4 36. Qxd8+ Nf8 37. Qa8 Qc2 38. Qd5 Ne6 39. Qa8+ Nf8 40.
Re1 Qd2 41. Kf1 Qxd6 42. b4 Qd3+ 43. Kg1 Nd7 44. f3 Qd4+ 45. Kh1 Qd2 46. Rf1 Nb6
47. Qb8 Nc4 48. Qb7 Ne3 49. Rg1 h6 50. Qe7 Nd1 51. b5 Nf2# {White checkmated}
0-1

[Event "Team 45 45 League T56"]
[Site "Internet Chess Club"]
[Date "2013.03.08"]
[Round "3"]
[White "Berke"]
[Black "Bible-Believer"]
[Result "1/2-1/2"]
[WhiteElo "1551"]
[BlackElo "1574"]
[Opening "French: Tarrasch"]
[ECO "C03"]
[Time "13:00:41"]
[TimeControl "2700+45"]

1. e4 e6 2. d4 d5 3. Nd2 dxe4 4. Nxe4 Bd7 5. Bd3 Bc6 6. Nf3 Nd7 7. O-O Ngf6 8.
Nxf6+ Nxf6 9. c3 Be7 10. Ne5 Qd5 11. Nxc6 Qxc6 12. Qe2 O-O 13. Bf4 Nd5 14. Be5
Nf6 15. Rfe1 Rfd8 16. Bb5 Qb6 17. b3 Rac8 18. Bd3 c5 19. Qf3 cxd4 20. Bxd4 Qa5
21. Qh3 h6 22. Qg3 Bd6 23. Qf3 Be7 24. Be4 Nxe4 25. Rxe4 Rd5 26. g3 e5 27. Be3
Qxc3 28. Rc1 Qxc1+ 29. Bxc1 Rxc1+ 30. Kg2 Rc2 31. Re2 Rxe2 32. Qxd5 b6 33. Qa8+
Kh7 34. Qxa7 Bc5 35. Qxf7 Rxa2 36. Qf5+ Kg8 37. Qxe5 Rxf2+ 38. Kh3 Rf6 39. Qe8+
Rf8 40. Qe6+ Kh7 41. Kg4 Rf2 42. h3 Rf6 43. Qe4+ Kg8 44. Qd5+ Kh7 45. Qe4+ Kg8
46. Qd5+ Kh7 {Game drawn by mutual agreement} 1/2-1/2

[Event "Team 45 45 League T56"]
[Site "Internet Chess Club"]
[Date "2013.03.09"]
[Round "3"]
[White "palm47"]
[Black "Elalfer"]
[Result "1/2-1/2"]
[WhiteElo "1528"]
[BlackElo "1406"]
[Opening "Réti opening"]
[ECO "A09"]
[Time "20:00:43"]
[TimeControl "2700+45"]

1. Nf3 d5 2. c4 Nf6 3. e3 e6 4. Nc3 Be7 5. b3 O-O 6. Bb2 Nbd7 7. d4 c6 8. Bd3 b6
9. O-O Bb7 10. a4 c5 11. cxd5 Nxd5 12. Nxd5 Bxd5 13. g4 cxd4 14. exd4 Rc8 15. h3
f5 16. gxf5 exf5 17. Ne5 Bd6 18. f4 Nxe5 19. dxe5 Bc5+ 20. Kh2 Qh4 21. Qe2 Rc6
22. Bc4 Bxc4 23. Qxc4+ Kh8 24. Qe2 Rfc8 25. Rad1 Be7 26. Qd3 Rd8 27. Qb1 Rdc8
{Game drawn by mutual agreement} 1/2-1/2

[Event "Team 45 45 League T56"]
[Site "Internet Chess Club"]
[Date "2013.03.08"]
[Round "3"]
[White "QuimCatala"]
[Black "KidRattler"]
[Result "0-1"]
[WhiteElo "1346"]
[BlackElo "1461"]
[Opening "Ruy Lopez: modern Steinitz defense"]
[ECO "C74"]
[Time "12:02:50"]
[TimeControl "2700+45"]

1. e4 e5 2. Nf3 Nc6 3. Bb5 a6 4. Ba4 d6 5. c3 Nf6 6. O-O Nxe4 7. d4 Bd7 8. Re1
Nf6 9. Bxc6 Bxc6 10. dxe5 dxe5 11. Qd2 Qxd2 12. Re3 Qxc1+ {White resigns} 0-1

[Event "Team 45 45 League T56"]
[Site "Internet Chess Club"]
[Date "2013.03.08"]
[Round "3"]
[White "JRussell2"]
[Black "tamky70"]
[Result "0-1"]
[WhiteElo "1373"]
[BlackElo "1430"]
[Opening "French: Fort Knox variation"]
[ECO "C10"]
[Time "19:31:08"]
[TimeControl "2700+45"]

1. e4 e6 2. d4 d5 3. Nc3 dxe4 4. Nxe4 Bd7 5. Nf3 Bc6 6. Bd3 Nd7 7. b3 Ngf6 8.
Bb2 Bxe4 9. Bxe4 Nxe4 10. O-O Ndf6 11. Re1 Bb4 12. Re3 Nd6 13. c4 O-O 14. Ne5
Nf5 15. Rh3 Bd6 16. Ng4 Nxg4 17. Qxg4 Qf6 18. Rb1 e5 19. Qh5 Qg6 20. Qf3 Nxd4
21. Qd1 Qc2 22. Qe1 Bb4 23. Bc3 Bxc3 24. Rxc3 Ne2+ 25. Kf1 Nxc3 {White resigns}
0-1

[Event "Team 45 45 League T56"]
[Site "Internet Chess Club"]
[Date "2013.03.11"]
[Round "3"]
[White "Fulmar"]
[Black "seattleblues"]
[Result "0-1"]
[WhiteElo "1163"]
[BlackElo "1417"]
[Opening "Caro-Kann: classical variation"]
[ECO "B18"]
[Time "21:00:15"]
[TimeControl "2700+45"]

1. e4 c6 2. d4 d5 3. Nc3 dxe4 4. Nxe4 Bf5 5. Qf3 e6 6. Be3 Nd7 7. Bd3 Ngf6 8.
Ne2 Bb4+ 9. c3 Ba5 10. Nd6+ Kf8 11. Nxf5 exf5 12. b4 Bc7 13. Bxf5 Nb6 14. a4
Nbd5 15. Rd1 Nxe3 16. Qxe3 Qd5 17. Qf3 Qxf3 18. gxf3 Re8 19. c4 g6 20. Bh3 Nh5
21. Kf1 Kg7 22. Rd2 Re7 23. Kg2 Rhe8 24. Kf1 f5 25. d5 cxd5 26. cxd5 Bd6 27. b5
b6 28. Rg1 Bxh2 29. Rh1 Bd6 30. Bxf5 gxf5 31. Rxh5 Kg6 32. Rh1 Rh8 33. Nd4 Rhe8
34. Re2 Rxe2 35. Nxe2 Re5 36. Nc3 Bb4 37. f4 Re8 38. Na2 Bd2 39. Kg2 Bxf4 40.
Kf3 Be5 41. Re1 Kf7 42. Nb4 Bc7 43. Rxe8 Kxe8 44. Na6 Kd7 45. Nxc7 Kxc7 46. Ke3
Kd6 47. Kd4 h5 48. Ke3 Kxd5 49. Kf3 h4 50. Kg2 Ke4 51. Kh3 Kf3 52. Kxh4 Kxf2 53.
Kg5 Ke3 54. Kxf5 Kd4 55. Kf4 Kc4 56. Ke3 Kb4 57. Kd2 Kxa4 58. Kc1 Kxb5 59. Kb1
Kb4 60. Ka1 a5 61. Kb1 Kc4 62. Ka1 b5 63. Ka2 Kc3 64. Ka1 b4 65. Ka2 b3+ 66. Ka1
b2+ 67. Kb1 a4 68. Ka2 Kc2 69. Ka3 b1=Q 70. Kxa4 Kc3 71. Ka5 Kc4 72. Ka6 Kc5 73.
Ka7 Kc6 74. Ka8 Qb7# {White checkmated} 0-1

[Event "Team 45 45 League T56"]
[Site "Internet Chess Club"]
[Date "2013.03.08"]
[Round "3"]
[White "medsurg"]
[Black "MeansToAnEnd"]
[Result "1/2-1/2"]
[WhiteElo "1284"]
[BlackElo "1388"]
[Opening "QGD Slav: Dutch variation"]
[ECO "D18"]
[Time "20:00:48"]
[TimeControl "2700+45"]

1. d4 d5 2. Nf3 Nf6 3. c4 c6 4. Nc3 dxc4 5. a4 Bf5 6. e3 Bd3 7. Bxd3 cxd3 8. Ne5
e6 9. Nxd3 Bd6 10. O-O O-O 11. f4 Nbd7 12. Qf3 Rc8 13. e4 Be7 14. Be3 b6 15.
Rfd1 Qc7 16. Rac1 Qb7 17. Kh1 c5 18. d5 exd5 19. exd5 Rfd8 20. Ne5 Nb8 21. Rc2
Rd6 22. Rcd2 Rcd8 23. Nc4 R6d7 24. Ne5 Rd6 25. Nc4 R6d7 26. Ne5 Rd6 27. Nc4 R6d7
28. Ne5 {Game drawn by repetition} 1/2-1/2

[Event "Team 45 45 League T56"]
[Site "Internet Chess Club"]
[Date "2013.03.11"]
[Round "3"]
[White "JRussell2"]
[Black "tcianciola"]
[Result "1/2-1/2"]
[WhiteElo "1413"]
[BlackElo "1344"]
[Opening "Queen's bishop game"]
[ECO "D02"]
[Time "18:40:42"]
[TimeControl "2700+45"]

1. Nf3 d5 2. d4 Nf6 3. Bf4 Bf5 4. Nc3 a6 5. e3 e6 6. Bd3 Ne4 7. O-O Bb4 8. Bxe4
dxe4 9. Ne1 O-O 10. a3 Bd6 11. Bxd6 Qxd6 12. f3 exf3 13. Nxf3 Nc6 14. Qd2 h6 15.
Rad1 Ne7 16. e4 Bg4 17. e5 Qc6 18. d5 Qc5+ 19. Qd4 Qxd4+ 20. Rxd4 Nf5 21. Rd3
Rad8 22. h3 Bh5 23. g4 Ng3 24. gxh5 Nxf1 25. Kxf1 exd5 26. Nxd5 c6 27. Nc3 Rde8
28. Kg2 f6 29. exf6 Rxf6 30. Rd2 Ref8 31. Ne5 Rf5 32. Ng6 Rg5+ 33. Kh2 Re8 34.
Rd7 Rxh5 35. Ne7+ Kf8 36. Ng6+ Kg8 37. Rxb7 Kh7 38. Nf4 Rf5 39. Nfe2 Rf2+ 40.
Kg3 Ref8 41. Re7 R8f3+ 42. Kh4 Kg8 43. Re4 g5+ 44. Kh5 Rxh3+ 45. Kg6 Rf8 46. Re7
g4 47. Rg7+ Kh8 48. Rh7+ Kg8 49. Rg7+ Kh8 50. Rh7+ Kg8 {Game drawn by mutual
agreement} 1/2-1/2

[Event "Team 45 45 League T56"]
[Site "Internet Chess Club"]
[Date "2013.03.07"]
[Round "3"]
[White "WzeroMN"]
[Black "NineteenHockey"]
[Result "0-1"]
[WhiteElo "1010"]
[BlackElo "1182"]
[Opening "Ruy Lopez: Berlin defense, 4.O-O, d6"]
[ECO "C66"]
[Time "11:00:41"]
[TimeControl "2700+45"]

1. e4 e5 2. Nf3 Nc6 3. Bb5 Nf6 4. O-O d6 5. Re1 Be7 6. d3 O-O 7. Nc3 Nd4 8. Bc4
Nxf3+ 9. Qxf3 Bg4 10. Qg3 Qd7 11. f3 Be6 12. Bh6 Nh5 13. Qf2 gxh6 14. Ne2 Bf6
15. Ng3 Nxg3 16. Qxg3+ Bg7 17. f4 Bxc4 18. dxc4 exf4 19. Qxf4 Rfe8 20. Re3 Qe6
21. Rg3 Qxe4 22. Qxh6 Qd4+ 23. Kf1 Re6 24. Qc1 Qxc4+ 25. Kg1 Qd4+ 26. Kh1 Rae8
27. Qg1 Qxg1+ 28. Rxg1 Re1 29. h3 Rxg1+ 30. Kxg1 Kh8 31. b3 Bd4+ 32. Kf1 Be5 33.
Re3 Re6 34. Ke1 Bd4 35. Rxe6 fxe6 36. Ke2 e5 37. Kf3 Kg7 38. Ke4 Kg6 39. g4 Kg5
40. b4 Kh4 {White resigns} 0-1

[Event "Team 45 45 League T56"]
[Site "Internet Chess Club"]
[Date "2013.03.10"]
[Round "3"]
[White "fuzzface"]
[Black "Macovitski"]
[Result "1-0"]
[WhiteElo "1377"]
[BlackElo "1187"]
[Opening "Queen's pawn game"]
[ECO "D00"]
[Time "09:00:45"]
[TimeControl "2700+45"]

1. d4 d5 2. c3 e6 3. Nf3 Nf6 4. Bg5 Be7 5. e3 O-O 6. Bd3 c5 7. b3 Nbd7 8. Qc2
Qc7 9. O-O Bd6 10. g3 b6 11. Nbd2 Bb7 12. Bf4 Bxf4 13. exf4 g6 14. Rfe1 Rfe8 15.
Ne5 Nxe5 16. fxe5 Nd7 17. Nf3 c4 18. bxc4 dxc4 19. Be4 Bxe4 20. Qxe4 Rab8 21.
Rad1 b5 22. d5 Nc5 23. d6 Qd7 24. Qe3 Nd3 25. Re2 Red8 26. Qh6 Qc6 27. Ng5 Rd7
28. Qxh7+ Kf8 29. Qh8# {Black checkmated} 1-0

[Event "Team 45 45 League T56"]
[Site "Internet Chess Club"]
[Date "2013.03.09"]
[Round "3"]
[White "lawth3"]
[Black "Tribe97"]
[Result "1/2-1/2"]
[WhiteElo "1289"]
[BlackElo "1219"]
[Opening "Dutch defense"]
[ECO "A40"]
[Time "09:00:38"]
[TimeControl "2700+45"]

1. d4 e6 2. c4 f5 3. Nf3 Nf6 4. Nc3 d5 5. c5 c6 6. Bf4 Be7 7. e3 O-O 8. Bd3 b6
9. b4 Ne4 10. Bxe4 fxe4 11. Ne5 Qe8 12. O-O Bb7 13. a4 Nd7 14. Qg4 Rf6 15. b5
Nxe5 16. Bxe5 Rg6 17. Qe2 Qf7 18. f3 exf3 19. Rxf3 Qe8 20. Raf1 Bf6 21. Bxf6
gxf6 22. Rxf6 Rxf6 23. Rxf6 Qe7 24. Qg4+ Kh8 25. Rxe6 Qd7 26. h3 Rg8 27. Rd6
Qxg4 28. hxg4 Rxg4 29. bxc6 Ba6 30. Rd8+ Kg7 31. c7 bxc5 32. dxc5 Rc4 33. Nxd5
Rxc5 34. e4 Bb7 35. e5 Kf7 36. Rh8 Rxd5 37. c8=Q Bxc8 38. Rxc8 Ra5 39. Rc7+ Kg6
40. e6 Rxa4 41. e7 Re4 42. Rxa7 Kf6 43. e8=Q Rxe8 44. Rxh7 Kg6 45. Rh4 Kg5 46.
g3 Rf8 47. Kg2 Kg6 48. Kh3 Kg5 49. Ra4 Rh8+ 50. Kg2 Rf8 51. Rh4 Rf7 52. Kh3 Rf1
53. Kg2 Rf7 54. Rh8 Rg7 55. Kh3 Rg6 56. g4 Rh6+ 57. Rxh6 Kxh6 58. Kh4 Kg6 59. g5
Kh7 60. Kh5 Kg7 61. Kg4 Kg6 62. Kf4 Kg7 63. Kf5 Kf7 64. Kg4 Kg7 65. Kf3 Kg6 66.
Kf4 Kf7 67. Kf5 Kg7 68. Ke4 Kg6 69. Kf4 Kg7 70. Kf5 Kf7 71. Kg4 Kg6 72. Kh4 Kg7
73. Kh5 Kh7 74. g6+ Kg7 75. Kg5 Kg8 76. Kh6 Kh8 77. Kh5 Kg7 78. Kg5 Kg8 79. Kh6
Kh8 {Game drawn by mutual agreement} 1/2-1/2

[Event "Team 45 45 League T56"]
[Site "Internet Chess Club"]
[Date "2013.03.09"]
[Round "3"]
[White "carolinaknight"]
[Black "wildangels"]
[Result "1-0"]
[WhiteElo "1250"]
[BlackElo "1059"]
[Opening "French: advance variation"]
[ECO "C02"]
[Time "19:00:14"]
[TimeControl "2700+45"]

1. e4 e6 2. d4 d5 3. e5 Bd7 4. Nf3 g6 5. a3 Bc6 6. Nc3 Nd7 7. Be2 Be7 8. O-O f6
9. Bf4 g5 10. Bg3 Nb6 11. h3 Nh6 12. Bh2 Qd7 13. Nd2 Nf5 14. Bh5+ Kd8 15. Be2
Nxd4 16. Bd3 fxe5 17. Bxe5 Rf8 18. Bxd4 Qe8 19. Nf3 Nd7 20. Bxh7 Nf6 21. Bd3 g4
22. Ng5 Rg8 23. Nxe6+ Kd7 24. Bf5 Rh8 25. Ng7+ Kd6 26. Nxe8+ Raxe8 27. Bxg4 Bd7
28. Bxf6 Bxf6 29. Qxd5+ Ke7 30. Qxd7+ Kf8 31. Nd5 Bxb2 32. Qf5+ Kg8 33. Nf6+ Kf8
34. Nxe8+ Kxe8 35. Rae1+ Kd8 36. Qc8# {Black checkmated} 1-0

[Event "Team 45 45 League T56"]
[Site "Internet Chess Club"]
[Date "2013.03.11"]
[Round "3"]
[White "zap2"]
[Black "Schack"]
[Result "0-1"]
[WhiteElo "1718"]
[BlackElo "1702"]
[Opening "Réti: King's Indian attack (Barcza system)"]
[ECO "A07"]
[Time "09:41:22"]
[TimeControl "2700+45"]

1. Nf3 d5 2. g3 c6 3. Bg2 Bg4 4. d3 Nd7 5. Nbd2 e5 6. h3 Bh5 7. e4 dxe4 8. dxe4
Ngf6 9. O-O Be7 10. Qe2 O-O 11. g4 Bg6 12. Nh4 Bxe4 13. Nxe4 Nxe4 14. Nf5 Nd6
15. Nxe7+ Qxe7 16. a4 Rfe8 17. a5 a6 18. Be3 Qe6 19. Rfd1 Rad8 20. Bf1 Nf6 21.
Bb6 Rd7 22. c4 Nde4 23. Rxd7 Qxd7 24. Rd1 Qe7 25. Bg2 Nc5 26. Qe3 Ncd7 27. Bc7
Qb4 28. Qe2 Nf8 29. g5 N6d7 30. h4 Qe7 31. Bh3 f5 32. Bxf5 Qf7 33. Qc2 g6 34.
Bh3 Nc5 35. Bb6 Nce6 36. Qd2 Nf4 37. Bf1 Qf5 38. Qe3 Qg4+ 39. Kh2 Qxd1 40. Bh3
Nxh3 41. Qxh3 Qd6 42. c5 Qe6 43. Qf3 Nd7 44. Bc7 Nxc5 45. Qe3 Nd7 46. Qa7 Qg4
47. Qxb7 Qxh4+ 48. Kg2 Qxg5+ 49. Kf1 Rf8 50. Bd6 Rf7 51. Qc8+ Kg7 52. Qxc6 Qf4
53. Qc2 Nf6 54. Qc5 Ng4 55. b4 Qxf2+ 56. Qxf2 Rxf2+ 57. Ke1 Rf6 58. Bc7 Rc6 59.
Bb6 Ne3 60. Ke2 Nc4 61. Bc5 Nxa5 62. Kd3 Nb7 63. Be7 h5 64. Ke4 h4 65. Kxe5 h3
66. Kd5 h2 67. Kxc6 h1=Q+ 68. Kb6 a5 69. Kb5 Qd5+ 70. Ka4 Qd7+ 71. Kb3 Qxe7 72.
b5 Qb4+ 73. Ka2 Qxb5 74. Ka3 g5 {White resigns} 0-1

[Event "Team 45 45 League T56"]
[Site "Internet Chess Club"]
[Date "2013.03.06"]
[Round "3"]
[White "mongmong"]
[Black "SpeedBlade"]
[Result "0-1"]
[WhiteElo "1566"]
[BlackElo "1618"]
[Opening "Queen's pawn game"]
[ECO "D04"]
[Time "19:00:59"]
[TimeControl "2700+45"]

1. d4 d5 2. Nf3 Nf6 3. e3 c5 4. c3 Qc7 5. Bd3 Nc6 6. Nbd2 Bg4 7. h3 Bh5 8. Be2
e6 9. Nh4 Bxe2 10. Qxe2 Bd6 11. dxc5 Bxc5 12. O-O O-O 13. Nhf3 Ne4 14. Nd4 Ne5
15. N2f3 Nxf3+ 16. Nxf3 Rac8 17. Qd3 Rfd8 18. Rd1 h6 19. Bd2 e5 20. Rac1 Nxf2
21. Kxf2 e4 22. Qe2 exf3 23. Qxf3 Rd6 24. Kg1 Rf6 25. Qe2 Qe5 26. Rf1 Rcc6 27.
Rxf6 Rxf6 28. Rf1 Rxf1+ 29. Kxf1 Qf5+ 30. Qf3 Qb1+ 31. Kf2 Qxa2 32. Qf5 Qxb2 33.
Qxd5 a5 34. Qxc5 Qxd2+ 35. Kg1 Qd1+ 36. Kh2 Qd8 37. Qb5 Qa8 38. Qa4 b5 39. Qxb5
a4 40. Qb2 a3 41. Qa2 Qb8+ 42. Kh1 Qb2 43. Qc4 Qb1+ 44. Kh2 a2 45. Qc8+ Kh7 46.
Qe8 a1=Q 47. Qxf7 Qg1+ 48. Kg3 Qxe3+ 49. Kh2 Qag1# {White checkmated} 0-1

[Event "Team 45 45 League T56"]
[Site "Internet Chess Club"]
[Date "2013.03.08"]
[Round "3"]
[White "LiangLiang"]
[Black "SugarIslander"]
[Result "1/2-1/2"]
[WhiteElo "1682"]
[BlackElo "1627"]
[Opening "Caro-Kann: classical variation"]
[ECO "B18"]
[Time "19:00:45"]
[TimeControl "2700+45"]

1. e4 c6 2. d4 d5 3. Nc3 dxe4 4. Nxe4 Bf5 5. Ng3 Bg6 6. Nf3 e6 7. Be2 Ne7 8. O-O
Nd7 9. b3 Nf5 10. Bb2 Nxg3 11. fxg3 Nf6 12. c4 Be7 13. Ne5 Qc7 14. c5 Nd5 15.
Qd2 f6 16. Nc4 O-O 17. Ne3 Rac8 18. Bc4 Bf7 19. Rae1 Rfe8 20. Nxd5 exd5 21. Bd3
Bg6 22. Bxg6 hxg6 23. Re6 Bf8 24. Qe2 Qd7 25. Re1 Rxe6 26. Qxe6+ Qxe6 27. Rxe6
Kf7 28. Re2 b6 29. Ba3 bxc5 30. dxc5 a5 31. Kf1 Rb8 32. Rb2 Rb5 33. b4 axb4 34.
Rxb4 Ke6 35. Rxb5 cxb5 36. Ke2 d4 37. Kd3 Kd5 38. c6 Bd6 39. Bb2 Kxc6 40. Bxd4
Kd5 41. Bb6 Kc6 42. Ba5 Kd5 43. Bd2 Bc5 44. h3 g5 45. g4 Bd6 46. Bc3 Bc5 47. g3
Bd6 48. h4 Bxg3 49. hxg5 Be5 50. gxf6 gxf6 51. Bxe5 Kxe5 52. Ke3 b4 53. Kf3 f5
54. g5 f4 55. g6 Kf6 56. Kxf4 Kxg6 57. Ke5 Kf7 58. Kd6 Ke8 59. Kc7 Ke7 60. Kb7
Kd7 61. Kb6 Kc8 62. Kb5 {Game drawn by mutual agreement} 1/2-1/2